 Dungeon Crawl Stone Soup version 0.22-a0-460-g49b1da7 (webtiles) character file.

99 4thArraOfDagon the Slasher (level 4, 0/41 HPs)
             Began as a Minotaur Monk on June 9, 2018.
             Succumbed to a kobold's poison
             ... in a sewer.
             The game lasted 00:01:54 (366 turns).

4thArraOfDagon the Slasher (Minotaur Monk)           Turns: 366, Time: 00:01:55

Health: 0/41       AC:  2    Str: 13 (15) XL:     4   Next: 45%
Magic:  3/3        EV: 13    Int:  6 (8)  God:
Gold:   22         SH:  0    Dex: 11 (13) Spells: 3/3 levels left

rFire    . . .     SeeInvis .   a - +0 falchion
rCold    . . .     Gourm    .   (no shield)
rNeg     . . .     Faith    .   b - +0 robe
rPois    .         Spirit   .   (helmet restricted)
rElec    .         Reflect  .   (no cloak)
rCorr    .         Harm     .   (no gloves)
MR       .....                  (no boots)
Stlth    ++........             (no amulet)
HPRegen  0.13/turn              (no ring)
MPRegen  0.08/turn              (no ring)

@: lethally poisoned (0 -> -10)
A: retaliatory headbutt, horns 2
a: no special abilities


You were in a sewer.
You were not hungry.

You visited 1 branch of the dungeon, and saw 4 of its levels.
You also visited: Sewer.

You collected 22 gold pieces.

Inventory:

Hand Weapons
 a - a +0 falchion (weapon)
Armour
 b - a +0 robe (worn)
Scrolls
 e - a scroll of identify {unknown}
 g - a scroll of teleportation {unknown}
Potions
 d - a potion of degeneration
Comestibles
 c - a ration


   Skills:
 + Level 4.4 Fighting
 * Level 5.2 Long Blades
 + Level 4.0 Dodging
 - Level 1.5 Stealth


You had 3 spell levels left.
You didn't know any spells.
Your spell library was empty.

Dungeon Overview and Level Annotations

Branches:
Dungeon (4/15)
 Temple: D:4-7

Altars:

Annotations:
D:3 Tiareth's ghost, amateur DEWz


Innate Abilities, Weirdness & Mutations

You reflexively headbutt those who attack you in melee.
You have a pair of horns on your head.


Message History

You hit the kobold.
You kill the kobold!
* * * LOW HITPOINT WARNING * * *
You feel sick.
Unknown command.
* * * LOW HITPOINT WARNING * * *
You feel sick.
There is an open door, spattered with blood here.
Items here: ( )) †† a blowgun; 9 poisoned needles; a dagger; a kobold corpse x2
Unknown command.
* * * LOW HITPOINT WARNING * * *
You feel sick.
Things that are here:
an uncursed blowgun; 6 poisoned needles Unknown command.
* * * LOW HITPOINT WARNING * * *
You feel sick.
Unknown command.
You die...

##...≈≈≈≈≈≈≈≈##....#
#....≈≈≈≈≈≈≈≈≈#....#
#....≈≈≈≈≈≈≈≈≈≈....##
##...≈≈≈≈≈≈≈≈≈≈≈..(.#
#...≈≈≈≈≈≈≈≈≈≈≈..(.#
###)####≈#≈#≈###)###
#.)...# #≈#≈##..().#
#.....# ≈#≈# #.....#
##...## #≈# ##@..##
#.....# ≈# #!...?#
#..#..# #!?#!!#
####### #######
≈≈≈≈≈≈≈≈≈ ≈≈≈≈≈≈≈≈
≈≈≈≈≈≈≈≈≈≈ ≈≈≈≈≈≈≈≈≈≈
###########
############


There were no monsters in sight!

Vanquished Creatures
  4 adders
  2 river rats (Sewer)
  A dart slug (D:1)
  A giant cockroach (D:4)
  3 hobgoblins
  4 jackals
  4 ball pythons
  2 frilled lizards (Sewer)
  12 kobolds
  17 rats (Sewer)
50 creatures vanquished.

Notes
Turn   | Place    | Note
-------+----------+-------------------------------------------
     0 | D:1      | 4thArraOfDagon the Minotaur Monk began the quest for the Orb.
     0 | D:1      | Reached XP level 1. HP: 19/19 MP: 0/0
    53 | D:2      | Reached skill level 4 in Long Blades
    53 | D:2      | Reached XP level 2. HP: 24/27 MP: 1/1
    78 | D:3      | Reached XP level 3. HP: 32/33 MP: 2/2
    92 | D:3      | Noticed Tiareth's ghost (amateur DEWz)
   101 | D:4      | Found a glowing drain.
   102 | D:4      | nice tempo
   124 | Sewer    | Entered a sewer
   237 | Sewer    | HP: 1/33 [kobold/short sword (4)]
   279 | Sewer    | Reached skill level 5 in Long Blades
   279 | Sewer    | Reached XP level 4. HP: 25/40 MP: 3/3
   364 | Sewer    | HP: 2/41 [poisoned by a kobold]
   366 | Sewer    | Succumbed to a kobold's poison

Vault maps used:
D:1:      saegor_arrival_simple_d
D:2:      minmay_misc_feat_hallway, uniq_terence
D:3:      lemuel_round_altar, minmay_lizard_king, uniq_sigmund
D:4:      lemuel_crystal_altar, cheibrodos_sewer_entry_drain
Sewer:    sewer_minmay_treatment

Skill      XL: |  1  2  3  4 |
---------------+-------------+-----
Long Blades    | 4 5 |  5.2
Fighting       | 4 |  4.4
Dodging        | 4 |  4.0
Stealth        | |  1.5

Action                   |  1- 3 |  4- 6 || total
-------------------------+-------+-------++-------
Melee: Falchion          |    61 |    31 ||    92
       Headbutt          |     7 |     5 ||    12
  Use: Potion            |     3 |     1 ||     4
 Stab: Sleeping          |     4 |       ||     4
Armor: Robe              |    16 |     3 ||    19
Dodge: Dodged            |    49 |    22 ||    71
       Rpst.: Falchion   |    17 |     8 ||    25

Table legend:
 A = Spawn XP
 B = Non-spawn XP
 C = Spawn XP percentage of total XP
 D = Spawn monster count
 E = Non-spawn monster count
 F = Spawn count percentage of total count
 G = Total turns spent on level
                    A         B        C        D         E        F      G
               +---------+---------+-------+---------+---------+-------+---------
         Total |       0 |     142 |   0.0 |       0 |      50 |   0.0 |   366
               +---------+---------+-------+---------+---------+-------+---------
           D:1 |       0 |      10 |   0.0 |       0 |       4 |   0.0 |    49
           D:2 |       0 |       2 |   0.0 |       0 |       1 |   0.0 |    12
           D:3 |       0 |      33 |   0.0 |       0 |       6 |   0.0 |    40
           D:4 |       0 |       5 |   0.0 |       0 |       3 |   0.0 |    23
         Sewer |       0 |      92 |   0.0 |       0 |      36 |   0.0 |   242
               +---------+---------+-------+---------+---------+-------+---------
